 Dungeon Crawl Stone Soup version 0.29-a0-25-g7f48f510a0 (webtiles) character file.

Game seed: 8853417735068896556

5 Bosse the Skirmisher (level 1, 0/18 HPs)
             Began as a Demonspawn Abyssal Knight on Jan 31, 2022.
             Was an Initiate of Lugonu.
             Slain by a jackal (2 damage)
             ... on level 1 of the Dungeon.
             The game lasted 00:01:00 (54 turns).

Bosse the Skirmisher (Demonspawn Abyssal Knight)      Turns: 54, Time: 00:01:00

Health: 0/18       AC:  3    Str: 13    XL:     1   Next: 66%
Magic:  2/2        EV: 11    Int: 11    God:    Lugonu [......]
Gold:   0          SH:  0    Dex: 13    Spells: 0/0 levels left

rFire   . . .      SeeInvis .   a - +1 mace
rCold   . . .      Faith    .   (no shield)
rNeg    . . .      Spirit   .   b - +0 leather armour
rPois   .          Reflect  .   (no helmet)
rElec   .          Harm     .   (no cloak)
rCorr   .          Rampage  .   (no gloves)
Will    .....                   (no boots)
Stlth   +.........              (no amulet)
HPRegen 0.06/turn               (no ring)
MPRegen 0.08/turn               (no ring)

@: no status effects
A: no striking features
a: Renounce Religion


You were on level 1 of the Dungeon.
You worshipped Lugonu.
Lugonu was noncommittal.
You visited 1 branch of the dungeon, and saw 1 of its levels.
You visited the Abyss 1 time.

Inventory:

Hand Weapons
 a - a +1 mace (weapon)
Armour
 b - a +0 leather armour (worn)


   Skills:
 - Level 3.0 Fighting
 + Level 2.2 Maces & Flails
 - Level 1.7 Armour
 - Level 0.8 Dodging
 - Level 2.4 Invocations


You couldn't memorise any spells.
You didn't know any spells.
Your spell library was empty.

Dungeon Overview and Level Annotations

Branches:
Dungeon (1/15)

Altars:


Message History

You barely miss the jackal.
The jackal is severely wounded.
The jackal bites you. The jackal closely misses you.
The jackal bites you but does no damage.
The jackal bites you.
The jackal bites you but does no damage.
You hit the jackal.
You kill the jackal!
Lugonu accepts your kill. The jackal barely misses you. The jackal misses you.
The jackal barely misses you.
The jackal bites you but does no damage.
Your Maces & Flails skill increases to level 2!
You closely miss the jackal. The jackal completely misses you.
The jackal bites you.
* * * LOW HITPOINT WARNING * * *
The jackal misses you. The jackal bites you.
* * * LOW HITPOINT WARNING * * *
You hit the jackal.
The jackal is moderately wounded.
The jackal bites you.
* * * LOW HITPOINT WARNING * * *
The jackal bites you but does no damage.
A hobgoblin comes into view.
The jackal bites you.
* * * LOW HITPOINT WARNING * * *
The hobgoblin shouts!
You hit the jackal.
You kill the jackal!
Lugonu accepts your kill. The jackal barely misses you.
The jackal bites you but does no damage.
The ball python barely misses you. x2
You hit the ball python.
You kill the ball python!
Lugonu accepts your kill. The jackal misses you. The jackal barely misses you.
The goblin closely misses you.
You barely miss the goblin. The jackal bites you.
You die...

....#....#+## ..
#.......#
#.......# #
#.......######.#
#................
#................
#...............P
#...............♣≈
♣........†@....P≈≈
........hg#####≈P
........g. ≈
.........>.
...........
...........#
...........#
...........#


You could see a jackal, a hobgoblin and a goblin.

Vanquished Creatures
  A ball python (D:1)
  3 jackals (D:1)
4 creatures vanquished.

Vanquished Creatures (others)
  A plant (D:1)
1 creature vanquished.

Grand Total: 5 creatures vanquished

Notes
Turn   | Place    | Note
-------+----------+-------------------------------------------
     0 | Abyss:1  | Bosse the Demonspawn Abyssal Knight began the quest for the
                  | Orb.
     0 | Abyss:1  | Reached XP level 1. HP: 18/18 MP: 2/2
     0 | D:1      | Escaped the Abyss
    54 | D:1      | Slain by a jackal

Illustrated notes

Levels and vault maps discovered:
D:1:      dpeg_arrival_lava_temple_mockup, layout_basic, serial_bayou,
          serial_bayou_shore_a, serial_bayou_crossing, serial_bayou_lake_a,
          serial_bayou_pond_b, shapermc_ecumenical_altar_petra,
          minmay_misc_feat_alley, chequers_serial_rivers_micro_a

Skill      XL: |  1 |
---------------+----+-----
Maces & Flails | 2 |  2.2
Fighting       | |  3.0
Armour         | |  1.7
Dodging        | |  0.8
Invocations    | |  2.4

Action                   || total
-------------------------++-------
Melee: Mace              ||    11
Invok: Depart the Abyss  ||     1
Armor: Leather armour    ||    10
Dodge: Dodged            ||    18

Table legend: (Time is in decaauts)
 A = Elapsed time spent in this place.
 B = Non-inter-level travel time spent in this place.
 C = Inter-level travel time spent in this place.
 D = Time resting spent in this place.
 E = Time spent auto-exploring this place.
 F = Levels seen in this place.
 G = Mean time per level.
                   A        B        C        D        E       F      G
               +--------+--------+--------+--------+--------+-----+--------+
         Total |     56 |     56 |      0 |      0 |     38 |   2 |   28.0 |
       Dungeon |     56 |     56 |      0 |      0 |     38 |   1 |   56.0 |
         Abyss |      0 |      0 |      0 |      0 |      0 |   1 |    0.0 |
               +--------+--------+--------+--------+--------+-----+--------+

Top non-repeatable levels by time:
     D:1: 56 daAuts
